| TOP OF THE 1ST |
|
Oklahoma State University Cowboys batting - Pitching for University of California Golden Bears : RHP Tim Devine
|
|
Pitching: RHP Tim Devine
|
|
|
Batting: RHB Settan Nakamura
|
0-0: Swinging Strike 0-1: Ball 1-1: Ball 2-1: Foul Ball, location: 2F 2-2: Foul Ball, location: 2F 2-2: Ball 3-2: Base on Balls
|
|
Batting: SHB Mel Gonzalez
|
0-0: Ball 1-0: Ball 2-0: Called Strike 2-1: Ball 3-1: Foul Ball, location: 2F 3-2: Base on Balls Settan Nakamura to second
|
|
Batting: RHB Ben Saxton
|
0-0: Fly out, F7 (Flyball, 7D, EV 84.4 MPH) Runner from 2nd tags up, SAFE at 3rd with throw by LF
|
|
Batting: LHB Rafael Banda
|
0-0: Ball 1-0: Foul Ball, location: 2F 1-1: Foul Ball, location: 2F 1-2: Ball 2-2: Foul Ball, location: 2F 2-2: Foul Ball, location: 2F 2-2: DOUBLE (Line Drive, 9LS, EV 113.8 MPH) Settan Nakamura scores Mel Gonzalez to third Runner from 3rd tries for Home, SAFE, throw by RF to home
|
|
Batting: RHB Masakuni Takeuchi
|
0-0: 2-RUN HOME RUN (Flyball, 9D, EV 100.0 MPH), Distance : 372 ft
|
|
Batting: RHB Ji-an See-to
|
0-0: Fly out, F7 (Flyball, 78M, EV 94.4 MPH)
|
|
Batting: LHB Vecdi Ertegun
|
0-0: Ball 1-0: Ball 2-0: Ball 3-0: Called Strike 3-1: Base on Balls
|
|
Batting: RHB Pedro Luera
|
0-0: Ball 1-0: Called Strike 1-1: Fielders Choice at 2nd, 5-4 (Groundball, 5, EV 87.5 MPH)
|
| Top of the 1st over - 4 runs, 2 hits, 0 errors, 1 left on base; Oklahoma State University 4 - University of California 0 |
| BOTTOM OF THE 1ST |
|
University of California Golden Bears batting - Pitching for Oklahoma State University Cowboys : RHP Chris Nightingale
|
|
Pitching: RHP Chris Nightingale
|
|
|
Batting: LHB Eric Gaugler
|
0-0: Ball 1-0: Called Strike 1-1: Ball 2-1: DOUBLE (Line Drive, 89XD, EV 99.4 MPH)
|
|
Batting: RHB Mario Diaz
|
0-0: Ball 1-0: Ball 2-0: 2-RUN HOME RUN (Flyball, 9D, EV 96.9 MPH), Distance : 380 ft
|
|
Batting: LHB Carlos Gaona
|
0-0: Foul Ball, location: 2F 0-1: Foul Ball, location: 2F 0-2: Ball 1-2: Fly out, F8 (Flyball, 8RM, EV 85.0 MPH)
|
|
Batting: LHB Dick Shafer
|
0-0: Ground out 4-3 (Groundball, 34, EV 86.9 MPH)
|
|
Batting: RHB Alex Martinez
|
0-0: Ball 1-0: Ball 2-0: Ground out 6-3 (Groundball, 6, EV 88.1 MPH)
|
| Bottom of the 1st over - 2 runs, 2 hits, 0 errors, 0 left on base; Oklahoma State University 4 - University of California 2 |
| TOP OF THE 2ND |
|
Oklahoma State University Cowboys batting - Pitching for University of California Golden Bears : RHP Tim Devine
|
|
Batting: LHB Gong Tow
|
0-0: Ball 1-0: Ball 2-0: Ball 3-0: Base on Balls
|
|
Batting: RHB Settan Nakamura
|
0-0: Ball 1-0: Ball 2-0: Foul Ball, location: 2F 2-1: SINGLE (Groundball, 34D, EV 95.6 MPH) Gong Tow to second Runner from 2nd tries for 3rd, SAFE, no throw by RF
|
|
Batting: SHB Mel Gonzalez
|
0-0: Fielders Choice at 2nd, 4-6 (Groundball, 34, EV 103.8 MPH) Gong Tow scores
|
|
Batting: RHB Ben Saxton
|
0-0: Fly out, F8 (Flyball, 8RS, EV 91.9 MPH)
|
|
Batting: LHB Rafael Banda
|
0-0: Ball 1-0: Called Strike 1-1: Ball 2-1: Foul Ball, location: 2F 2-2: Strikes out looking
|
| Top of the 2nd over - 1 run, 1 hit, 0 errors, 1 left on base; Oklahoma State University 5 - University of California 2 |
| BOTTOM OF THE 2ND |
|
University of California Golden Bears batting - Pitching for Oklahoma State University Cowboys : RHP Chris Nightingale
|
|
Batting: LHB Luis Orellana
|
0-0: Foul Ball, location: 2F 0-1: Called Strike 0-2: Foul Ball, location: 2F 0-2: Ball 1-2: Foul Ball, location: 2F 1-2: Ball 2-2: Foul Ball, location: 2F 2-2: Ball 3-2: Foul Ball, location: 2F 3-2: Foul Ball, location: 2F 3-2: Ground out 3-1 (Groundball, 34, EV 83.8 MPH)
|
|
Batting: RHB Alex Guerra
|
0-0: Ball 1-0: Ball 2-0: Ball 3-0: Base on Balls
|
|
Batting: RHB Kevin Harris
|
0-0: Ball 1-0: Ball 2-0: Ball 3-0: Called Strike 3-1: Foul Ball, location: 2F 3-2: Strikes out swinging Alex Guerra is caught stealing 2nd base 2-4 Batter strikes out.
|
| Bottom of the 2nd over - 0 runs, 0 hits, 0 errors, 0 left on base; Oklahoma State University 5 - University of California 2 |
| TOP OF THE 3RD |
|
Oklahoma State University Cowboys batting - Pitching for University of California Golden Bears : RHP Tim Devine
|
|
Batting: RHB Masakuni Takeuchi
|
0-0: Ball 1-0: Called Strike 1-1: Foul Ball, location: 2F 1-2: Strikes out swinging
|
|
Batting: RHB Ji-an See-to
|
0-0: Ground out U3 (Groundball, 34, EV 105.0 MPH)
|
|
Batting: LHB Vecdi Ertegun
|
0-0: Foul Ball, location: 2F 0-1: Ball 1-1: Fly out, F8 (Flyball, 8LM, EV 79.4 MPH)
|
| Top of the 3rd over - 0 runs, 0 hits, 0 errors, 0 left on base; Oklahoma State University 5 - University of California 2 |
| BOTTOM OF THE 3RD |
|
University of California Golden Bears batting - Pitching for Oklahoma State University Cowboys : RHP Chris Nightingale
|
|
Batting: RHB Domingas Saragoa
|
0-0: Reached on error, E9 (Flyball, 9, EV 81.9 MPH)
|
|
Batting: LHB Eric Gaugler
|
0-0: Ball 1-0: Fielders Choice at 2nd, 3-6 (Groundball, 3, EV 87.5 MPH)
|
|
Batting: RHB Mario Diaz
|
0-0: Ball 1-0: Ground out 5-3 (Groundball, 56S, EV 69.4 MPH) Eric Gaugler to second
|
|
Batting: LHB Carlos Gaona
|
0-0: Ball 1-0: Ball 2-0: Swinging Strike 2-1: Fly out, F8 (Flyball, 78S, EV 83.8 MPH)
|
| Bottom of the 3rd over - 0 runs, 0 hits, 1 error, 1 left on base; Oklahoma State University 5 - University of California 2 |
| TOP OF THE 4TH |
|
Oklahoma State University Cowboys batting - Pitching for University of California Golden Bears : RHP Tim Devine
|
|
Pitching: LHP John van Asten
|
|
|
Batting: RHB Pedro Luera
|
0-0: Called Strike 0-1: DOUBLE (Line Drive, 89D, EV 113.1 MPH)
|
|
Batting: LHB Gong Tow
|
0-0: Ball 1-0: Swinging Strike 1-1: Foul Ball, location: 2F 1-2: Ball 2-2: Fly out, F9 (Flyball, 89D, EV 93.8 MPH) Runner from 2nd tags up, SAFE at 3rd, no throw by RF
|
|
Batting: RHB Settan Nakamura
|
0-0: DOUBLE (Groundball, 5L, EV 105.0 MPH) Pedro Luera scores
|
|
Batting: SHB Mel Gonzalez
|
0-0: Ball 1-0: Fly out, F8 (Flyball, 89S, EV 63.8 MPH)
|
|
Batting: RHB Ben Saxton
|
0-0: Called Strike 0-1: Ball 1-1: Ball 2-1: SINGLE (Line Drive, 6MD, EV 95.6 MPH) Settan Nakamura to third Runner from 3rd tries for Home, SAFE, throw by CF to home
|
|
Batting: LHB Rafael Banda
|
0-0: Called Strike 0-1: Ball 1-1: Fly out, F4 (Line Drive, 4MD, EV 67.5 MPH)
|
| Top of the 4th over - 2 runs, 3 hits, 0 errors, 1 left on base; Oklahoma State University 7 - University of California 2 |
| BOTTOM OF THE 4TH |
|
University of California Golden Bears batting - Pitching for Oklahoma State University Cowboys : RHP Chris Nightingale
|
|
Batting: LHB Dick Shafer
|
0-0: Called Strike 0-1: Foul Ball, location: 2F 0-2: Fly out, F6 (Popup, 15, EV 78.8 MPH)
|
|
Batting: RHB Alex Martinez
|
0-0: Fly out, F8 (Line Drive, 8RD, EV 92.5 MPH)
|
|
Batting: LHB Luis Orellana
|
0-0: Ball 1-0: SOLO HOME RUN (Line Drive, 9LD, EV 94.4 MPH), Distance : 348 ft
|
|
Batting: RHB Alex Guerra
|
0-0: Fly out, F9 (Flyball, 9D, EV 86.2 MPH)
|
| Bottom of the 4th over - 1 run, 1 hit, 0 errors, 0 left on base; Oklahoma State University 7 - University of California 3 |
| TOP OF THE 5TH |
|
Oklahoma State University Cowboys batting - Pitching for University of California Golden Bears : LHP John van Asten
|
|
Batting: RHB Masakuni Takeuchi
|
0-0: Foul Ball, location: 2F 0-1: Ball 1-1: Called Strike 1-2: Ball 2-2: Strikes out swinging
|
|
Batting: RHB Ji-an See-to
|
0-0: Ball 1-0: Fly out, F9 (Flyball, 9S, EV 96.2 MPH)
|
|
Batting: LHB Vecdi Ertegun
|
0-0: Called Strike 0-1: Ball 1-1: Called Strike 1-2: Fly out, F5 (Popup, 5, EV 70.6 MPH)
|
| Top of the 5th over - 0 runs, 0 hits, 0 errors, 0 left on base; Oklahoma State University 7 - University of California 3 |
| BOTTOM OF THE 5TH |
|
University of California Golden Bears batting - Pitching for Oklahoma State University Cowboys : RHP Chris Nightingale
|
|
Batting: RHB Kevin Harris
|
0-0: Ball 1-0: Ball 2-0: Called Strike 2-1: Called Strike 2-2: Ball 3-2: Base on Balls
|
|
Batting: RHB Domingas Saragoa
|
0-0: Foul Ball, location: 2F 0-1: Grounds into double play, 4-6-3 (Groundball, 34, EV 91.2 MPH)
|
|
Batting: LHB Eric Gaugler
|
0-0: Ball 1-0: Foul Ball, location: 2F 1-1: Ball 2-1: Ground out 4-3 (Groundball, 4S, EV 72.5 MPH)
|
| Bottom of the 5th over - 0 runs, 0 hits, 0 errors, 0 left on base; Oklahoma State University 7 - University of California 3 |
| TOP OF THE 6TH |
|
Oklahoma State University Cowboys batting - Pitching for University of California Golden Bears : LHP John van Asten
|
|
Pitching: RHP Luis Lopez
|
|
|
Batting: RHB Pedro Luera
|
0-0: Ball 1-0: Called Strike 1-1: Foul Ball, location: 2F 1-2: Ball 2-2: Ball 3-2: Foul Ball, location: 2F 3-2: Base on Balls
|
|
Batting: LHB Gong Tow
|
0-0: Called Strike 0-1: Fly out, F7 (Flyball, 7LMF, EV 90.6 MPH)
|
|
Batting: RHB Settan Nakamura
|
0-0: Ball 1-0: Called Strike 1-1: Ball 2-1: Ball 3-1: SINGLE (Line Drive, 6MD, EV 98.8 MPH) Pedro Luera to second
|
|
Batting: SHB Mel Gonzalez
|
0-0: Swinging Strike 0-1: Called Strike 0-2: Fielders Choice at 2nd, 4-6 (Groundball, 4M, EV 105.0 MPH) Pedro Luera to third
|
|
Batting: RHB Ben Saxton
|
0-0: Ball 1-0: Swinging Strike 1-1: Ball 2-1: SINGLE (Groundball, 6MD, EV 103.1 MPH) Pedro Luera scores Mel Gonzalez to second
|
|
Pitching: RHP Travis Morris
|
|
|
Batting: LHB Rafael Banda
|
0-0: Ball 1-0: Called Strike 1-1: Ball 2-1: SINGLE (Groundball, P, EV 91.9 MPH) (infield hit) Mel Gonzalez to third Ben Saxton to second
|
|
Batting: RHB Masakuni Takeuchi
|
0-0: Ball 1-0: Foul Ball, location: 2F 1-1: Foul Ball, location: 2F 1-2: Fly out, F8 (Flyball, 8RD, EV 91.9 MPH)
|
| Top of the 6th over - 1 run, 3 hits, 0 errors, 3 left on base; Oklahoma State University 8 - University of California 3 |
| BOTTOM OF THE 6TH |
|
University of California Golden Bears batting - Pitching for Oklahoma State University Cowboys : RHP Chris Nightingale
|
|
Batting: RHB Mario Diaz
|
0-0: Fly out, F8 (Flyball, 8RM, EV 91.2 MPH)
|
|
Batting: LHB Carlos Gaona
|
0-0: Ball 1-0: Fly out, F6 (Line Drive, 6MD, EV 71.9 MPH)
|
|
Batting: LHB Dick Shafer
|
0-0: Called Strike 0-1: Ball 1-1: Ball 2-1: Ball 3-1: Base on Balls
|
|
Batting: RHB Alex Martinez
|
0-0: Called Strike 0-1: Ball 1-1: Fly out, F8 (Flyball, 8LM, EV 81.2 MPH)
|
| Bottom of the 6th over - 0 runs, 0 hits, 0 errors, 1 left on base; Oklahoma State University 8 - University of California 3 |
| TOP OF THE 7TH |
|
Oklahoma State University Cowboys batting - Pitching for University of California Golden Bears : RHP Travis Morris
|
|
Batting: RHB Ji-an See-to
|
0-0: Ball 1-0: Ball 2-0: Ground out 6-3 (Groundball, 6, EV 79.4 MPH)
|
|
Batting: LHB Vecdi Ertegun
|
0-0: Ball 1-0: SINGLE (Line Drive, 56D, EV 105.0 MPH)
|
|
Batting: RHB Pedro Luera
|
0-0: Ball 1-0: DOUBLE (Line Drive, 3D, EV 105.0 MPH) Vecdi Ertegun to third Runner from 3rd tries for Home, SAFE, no throw by RF
|
|
Pitching: RHP Howie Abrams
|
|
|
Batting: LHB Gong Tow
|
0-0: SINGLE (Groundball, 4M, EV 100.0 MPH) (infield hit) Pedro Luera to third
|
|
Batting: RHB Settan Nakamura
|
0-0: DOUBLE (Line Drive, 7LM, EV 101.9 MPH) Pedro Luera scores Gong Tow to third Runner from 3rd tries for Home, SAFE, no throw by LF
|
|
Batting: SHB Mel Gonzalez
|
0-0: Foul Ball, location: 2F 0-1: Ball 1-1: Ground out 3-1 (Groundball, 34, EV 105.0 MPH) Settan Nakamura to third
|
|
Batting: RHB Ben Saxton
|
0-0: Ball 1-0: Ball 2-0: Ball 3-0: Base on Balls
|
|
Batting: LHB Rafael Banda
|
0-0: Ball 1-0: Foul Ball, location: 2F 1-1: Ball 2-1: Called Strike 2-2: Fly out, F8 (Flyball, 8LD, EV 101.9 MPH)
|
| Top of the 7th over - 3 runs, 4 hits, 0 errors, 2 left on base; Oklahoma State University 11 - University of California 3 |
| BOTTOM OF THE 7TH |
|
University of California Golden Bears batting - Pitching for Oklahoma State University Cowboys : RHP Chris Nightingale
|
|
Batting: LHB Luis Orellana
|
0-0: Ball 1-0: Ball 2-0: Ball 3-0: Base on Balls
|
|
Batting: RHB Alex Guerra
|
0-0: Ball 1-0: Ball 2-0: Swinging Strike 2-1: SINGLE (Line Drive, 89S, EV 113.8 MPH) Luis Orellana to second
|
|
Batting: RHB Kevin Harris
|
0-0: Called Strike 0-1: Ball 1-1: Fly out, F7 (Flyball, 78D, EV 93.8 MPH) Runner from 2nd tags up, OUT at 3rd! 7-5
|
|
Batting: RHB Domingas Saragoa
|
0-0: Ball 1-0: Foul Ball, location: 2F 1-1: Ball 2-1: Called Strike 2-2: Ball 3-2: Base on Balls Alex Guerra to second
|
|
Batting: LHB Eric Gaugler
|
0-0: SINGLE (Line Drive, 4MD, EV 104.4 MPH) Alex Guerra to third Domingas Saragoa to second Runner from 3rd tries for Home, SAFE, throw by CF to home
|
|
Batting: RHB Mario Diaz
|
0-0: Foul Ball, location: 2F 0-1: Foul Ball, location: 2F 0-2: Foul Ball, location: 2F 0-2: Ball 1-2: SINGLE (Line Drive, 4MD, EV 100.6 MPH) Domingas Saragoa to third Eric Gaugler to second Runner from 3rd tries for Home, SAFE, throw by CF to home Eric Gaugler to third Mario Diaz to second
|
|
Pitching: RHP Franck Basset
|
|
|
Batting: LHB Carlos Gaona
|
0-0: Ball 1-0: Called Strike 1-1: Ball 2-1: Foul Ball, location: 2F 2-2: Ball 3-2: Foul Ball, location: 2F 3-2: SINGLE (Line Drive, 56D, EV 96.9 MPH) Eric Gaugler scores Mario Diaz to third Runner from 3rd tries for Home, SAFE, throw by LF to home
|
|
Batting: LHB Dick Shafer
|
0-0: Foul Ball, location: 2F 0-1: Swinging Strike 0-2: SINGLE (Line Drive, 9S, EV 101.2 MPH) Carlos Gaona to second
|
|
Batting: RHB Alex Martinez
|
0-0: Ball 1-0: Foul Ball, location: 2F 1-1: Fielders Choice at 2nd, U4 (Groundball, 4M, EV 88.8 MPH)
|
| Bottom of the 7th over - 4 runs, 5 hits, 0 errors, 2 left on base; Oklahoma State University 11 - University of California 7 |
| TOP OF THE 8TH |
|
Oklahoma State University Cowboys batting - Pitching for University of California Golden Bears : RHP Howie Abrams
|
|
Pitching: LHP Adam Gavel
|
|
|
Batting: RHB Masakuni Takeuchi
|
0-0: Ball 1-0: Ball 2-0: Ball 3-0: Called Strike 3-1: Foul Ball, location: 2F 3-2: Strikes out swinging
|
|
Batting: RHB Ji-an See-to
|
0-0: Ball 1-0: Foul Ball, location: 2F 1-1: Swinging Strike 1-2: Fly out, F8 (Flyball, 8RD, EV 98.1 MPH)
|
|
Batting: LHB Vecdi Ertegun
|
0-0: Ball 1-0: Ground out 4-3 (Groundball, 4M, EV 88.1 MPH)
|
| Top of the 8th over - 0 runs, 0 hits, 0 errors, 0 left on base; Oklahoma State University 11 - University of California 7 |
| BOTTOM OF THE 8TH |
|
University of California Golden Bears batting - Pitching for Oklahoma State University Cowboys : RHP Franck Basset
|
|
Batting: LHB Luis Orellana
|
0-0: Ball 1-0: Foul Ball, location: 2F 1-1: Ball 2-1: Ball 3-1: Base on Balls
|
|
Pinch Hitting: RHB Nate Mahon
|
0-0: Ball 1-0: Called Strike 1-1: Ball 2-1: Ball 3-1: Base on Balls Luis Orellana to second
|
|
Pinch Hitting: RHB Juan Debayle
|
0-0: Ball 1-0: Swinging Strike 1-1: Ball 2-1: Foul Ball, location: 2F 2-2: Ball 3-2: Fly out, F8 (Flyball, 8RM, EV 81.2 MPH)
|
|
Batting: RHB Domingas Saragoa
|
0-0: Ball 1-0: Swinging Strike 1-1: Called Strike 1-2: Strikes out swinging
|
|
Pitching: RHP Andrew Dopp
|
|
|
Batting: LHB Eric Gaugler
|
0-0: SINGLE (Groundball, 34D, EV 104.4 MPH) Luis Orellana to third Nate Mahon to second Runner from 3rd tries for Home, SAFE, throw by RF to home
|
|
Batting: RHB Mario Diaz
|
0-0: Swinging Strike 0-1: Called Strike 0-2: Strikes out swinging
|
| Bottom of the 8th over - 1 run, 1 hit, 0 errors, 2 left on base; Oklahoma State University 11 - University of California 8 |
| TOP OF THE 9TH |
|
Oklahoma State University Cowboys batting - Pitching for University of California Golden Bears : LHP Adam Gavel
|
|
Pitching: RHP Frank Salinas
|
|
|
Now at 1B: Nate Mahon
|
|
|
Now at SS: Matsudaira Ikeda
|
|
|
Batting: RHB Pedro Luera
|
0-0: Ball 1-0: Foul Ball, location: 2F 1-1: Ball 2-1: Ball 3-1: Called Strike 3-2: Foul Ball, location: 2F 3-2: Strikes out swinging
|
|
Batting: LHB Gong Tow
|
0-0: Ball 1-0: Ground out 6-3 (Groundball, 6, EV 90.0 MPH)
|
|
Batting: RHB Settan Nakamura
|
0-0: Ball 1-0: Fly out, F8 (Flyball, 8RS, EV 83.1 MPH)
|
| Top of the 9th over - 0 runs, 0 hits, 0 errors, 0 left on base; Oklahoma State University 11 - University of California 8 |
| BOTTOM OF THE 9TH |
|
University of California Golden Bears batting - Pitching for Oklahoma State University Cowboys : RHP Andrew Dopp
|
|
Pitching: RHP Yorinobu Matsumoto
|
|
|
Batting: LHB Carlos Gaona
|
0-0: Ball 1-0: Foul Ball, location: 2F 1-1: Called Strike 1-2: Fly out, F8 (Flyball, 89D, EV 101.9 MPH)
|
|
Batting: LHB Dick Shafer
|
0-0: Foul Ball, location: 2F 0-1: Ball 1-1: Foul Ball, location: 2F 1-2: Fly out, F9 (Flyball, 9LMF, EV 96.9 MPH)
|
|
Pinch Hitting: RHB Devon Healy
|
0-0: Ball 1-0: Foul Ball, location: 2F 1-1: SOLO HOME RUN (Flyball, 7D, EV 95.0 MPH), Distance : 380 ft
|
|
Batting: LHB Luis Orellana
|
0-0: Ball 1-0: Ground out 4-3 (Groundball, 4, EV 89.4 MPH)
|
| Bottom of the 9th over - 1 run, 1 hit, 0 errors, 0 left on base; Oklahoma State University 11 - University of California 9 |
|